 Dungeon Crawl Stone Soup version 0.20-a0-971-g5896763 (webtiles) character file.

19 Gorglomux the Gusty (level 2, -4/15 HPs)
             Began as a Tengu Air Elementalist on Apr 8, 2017.
             Slain by a leopard gecko (5 damage)
             ... on level 1 of the Dungeon.
             The game lasted 00:02:21 (731 turns).

Gorglomux the Gusty (Tengu Air Elementalist)         Turns: 731, Time: 00:02:22

Health: -4/15      AC:  2    Str:  8    XL:     2   Next: 75%
Magic:  0/6        EV: 12    Int: 15    God:
Gold:   64         SH:  0    Dex: 14    Spells: 4/5 levels left

rFire    . . .     SeeInvis .   u - +0 dagger
rCold    . . .     Gourm    .   (no shield)
rNeg     . . .     Faith    .   a - +0 robe
rPois    .         Spirit   .   (helmet restricted)
rElec    .         Reflect  .   (no cloak)
rCorr    .         Harm     .   (no gloves)
MR       .....     Rnd*Tele +   (boots unavailable)
Stlth    ++........             (no amulet)
Regen    0.1/turn               t - ring of teleportation (curse)
MPRegen  0.1/turn               (no ring)

@: no status effects
A: beak, talons 3
a: no special abilities


You were on level 1 of the Dungeon.
You were not hungry.

You visited 1 branch of the dungeon, and saw 1 of its levels.

You collected 64 gold pieces.

Inventory:

Hand Weapons
 u - a +0 dagger (weapon)
Armour
 a - a +0 robe (worn)
Jewellery
 t - a cursed ring of teleportation (left hand)
Scrolls
 f - 3 scrolls of identify {unknown}
 v - a scroll of teleportation {unknown}
 w - a scroll of random uselessness {unknown}
 x - 2 scrolls of fear {unknown}
Potions
 e - a potion of curing {unknown}
 g - a potion of berserk rage {unknown}
Books
 b - a book of Air

   Spells                             Type                      Level
   a - Shock                          Conjuration/Air              1
   b - Swiftness                      Charms/Air                   2
   c - Static Discharge               Conjuration/Air              3
   d - Airstrike                      Air                          4
   e - Lightning Bolt                 Conjuration/Air              5
Comestibles
 c - a bread ration
 d - 2 chunks of flesh


   Skills:
 - Level 2.1 Dodging
 - Level 2.0 Stealth
 - Level 2.0 Spellcasting
 + Level 2.5 Conjurations
 + Level 4.7 Air Magic


You had 4 spell levels left.
You knew the following spells:

 Your Spells              Type           Power        Failure   Level  Hunger
a - Shock                 Conj/Air       ##..         6%          1    #......


Dungeon Overview and Level Annotations

Branches:
Dungeon (1/15)

Altars:


Innate Abilities, Weirdness & Mutations

You have a beak for a mouth.
You have claws for feet.


Message History

The leopard gecko barely misses you. x2
You hit the leopard gecko.
The leopard gecko is severely wounded.
The leopard gecko bites you.
Casting: Shock
Confirm with . or Enter, or press ? or * to list all spells.
Aiming: Shock
Press: ? - help, Shift-Dir - straight line, f/p - leopard gecko
Aim: a leopard gecko (severely wounded, clinging)
The zap misses the leopard gecko. x2; The leopard gecko bites you.
You barely miss the leopard gecko.
The leopard gecko is severely wounded.
The leopard gecko bites you.
Your magical contamination has completely faded away.
You barely miss the leopard gecko.
The leopard gecko is severely wounded.
The leopard gecko bites you.
* * * LOW HITPOINT WARNING * * *
The leopard gecko bites you.
You die...

......## #...#.....# .......#
#...#.....# .......# ##.........#
.......#######....#(....#
.......##>..............##
.......)..####..###......#
.......#### #...# #......########
.......# #...####.###...##....
.......# ###..l@###.# ###.......
.......# ##....#..##.# ##......
.......# #..##.##.#.. #......
.......###.###.##.#.# #......
...........# #.##.#.#######......
.....####..# #.##.#..............
#########..###.##................
...................#.######......
...............##....# #......


You could see a leopard gecko.

Vanquished Creatures
  4 bats (D:1)
  4 goblins (D:1)
  3 hobgoblins (D:1)
  A kobold (D:1)
  A ball python (D:1)
  A frilled lizard (D:1)
  2 rats (D:1)
16 creatures vanquished.

Notes
Turn   | Place    | Note
-------+----------+-------------------------------------------
     0 | D:1      | Gorglomux the Tengu Air Elementalist began the quest for the Orb.
     0 | D:1      | Reached XP level 1. HP: 10/10 MP: 4/4
   214 | D:1      | Reached XP level 2. HP: 15/15 MP: 4/6
   731 | D:1      | Slain by a leopard gecko

Vault maps used:
D:1:      evilmike_arrival_crescent

Skill      XL: |  1 |
---------------+----+-----
Conjurations   | 2 |  2.5
Dodging        | |  2.1
Stealth        | |  2.0
Spellcasting   | |  2.0
Air Magic      | |  4.7

Action                   || total
-------------------------++-------
Melee: Unarmed           ||     7
       Peck              ||     2
       Kick              ||     1
       Dagger            ||     5
 Cast: Shock             ||    41
Armor: Robe              ||     2
Dodge: Dodged            ||    17
